General information
			
			
        
        - name: Local Game (iggy_the_fisk)
 
        - type: Custom game
 
        - host: iggy_the_fisk
 
        - saver: iggy_the_fisk
 
        
map: EchoIsles 
        - players: 12
 
        - length: 18:14
 
        - speed: Fast
 - version: 1.22 W3XP
 - replay type:  

 
» download(131 KB)
Players
        team 1 (loser) 
              
              
NADMaN (
orange | 172 APM | 3134 actions | 18:12)
              
 3 Blademaster 
 1 Wind Walk
 2 Critical Strike
 4 Tauren Chieftain 
 2 War Stomp
 2 Endurance Aura
 
                » actions 
                
                | Assign group hotkey | 29 |  | 
| Basic commands | 49 |  | 
| Build / train | 60 |  | 
| ESC pressed | 3 |  | 
| Enter build submenu | 18 |  | 
| Enter hero's abilities submenu | 7 |  | 
| Give item / drop item | 2 |  | 
| Right click | 1561 |  | 
| Select / deselect | 527 |  | 
| Select group hotkey | 780 |  | 
| Use ability | 98 |  | 
                3134 total
 » units 
                
                | Peon | 7 |  | 
| Grunt | 5 |  | 
| Wind Rider | 8 |  | 
| Raider | 8 |  | 
| Spirit Walker | 3 |  | 
                31 total
 » upgrades
                
                | Berserker Strength | 1 |  | 
| Ensnare | 1 |  | 
| Spirit Walker Training | 1 |  | 
                3 total
 » buildings
                
                | Altar of Storms | 1 |  | 
| Orc Burrow | 5 |  | 
| Barracks | 1 |  | 
| Stronghold | 3 |  | 
| Voodoo Lounge | 3 |  | 
| Beastiary | 2 |  | 
| Spirit Lodge | 2 |  | 
                17 total
 » build order
                00:05 Altar of Storms
00:12 Orc Burrow
00:51 Barracks
01:26 Orc Burrow
02:28 Stronghold
02:28 Stronghold
03:39 Voodoo Lounge
03:41 Voodoo Lounge
03:48 Orc Burrow
05:55 Beastiary
05:56 Beastiary
07:48 Orc Burrow
10:55 Spirit Lodge
14:51 Orc Burrow
15:05 Spirit Lodge
16:21 Voodoo Lounge
» items
                
                | Healing Salve | 1 |  | 
| Lesser Clarity Potion | 1 |  | 
| Scroll of Speed | 4 |  | 
| Scroll of Town Portal | 1 |  | 
| Potion of Healing | 1 |  | 
| Potion of Mana | 1 |  | 
                9 total
  
               team 2 (winner) 
              
              
Mata. (
green | 194 APM | 3530 actions | 18:12)
              
 5 Demon Hunter 
 3 Mana Burn
 2 Evasion
 3 Naga Sea Witch 
 2 Frost Arrows
 1 Forked Lightning
 
                » actions 
                
                | Assign group hotkey | 371 |  | 
| Basic commands | 9 |  | 
| Build / train | 59 |  | 
| Enter build submenu | 12 |  | 
| Enter hero's abilities submenu | 8 |  | 
| Remove unit from queue | 3 |  | 
| Right click | 1802 |  | 
| Select / deselect | 670 |  | 
| Select group hotkey | 513 |  | 
| Use ability | 83 |  | 
                3530 total
 » units 
                
                | Wisp | 7 |  | 
| Archer | 7 |  | 
| Druid of the Talon | 19 |  | 
                33 total
 » upgrades
                
                | Druid of the Talon Training | 2 |  | 
| Mark of the Talon | 1 |  | 
                3 total
 » buildings
                
                | Altar of Elders | 1 |  | 
| Moon Well | 4 |  | 
| Ancient of War | 1 |  | 
| Tree of Ages | 1 |  | 
| Ancient of Wind | 3 |  | 
| Tree of Eternity | 2 |  | 
| Ancient of Wonders | 1 |  | 
                13 total
 » build order
                00:04 Altar of Elders
00:19 Moon Well
00:46 Ancient of War
01:37 Moon Well
02:30 Tree of Ages
03:52 Moon Well
04:52 Ancient of Wind
04:53 Ancient of Wind
05:20 Moon Well
10:09 Tree of Eternity
10:09 Tree of Eternity
13:20 Ancient of Wind
14:44 Ancient of Wonders
» items
                
                | Scroll of Town Portal | 3 |  | 
| Claws of Attack +6 | 1 |  | 
                4 total
  
               observersiggy_the_fisk, 
goonswithspoons, 
TIMG4STRok, 
dotCommunism, 
BEAR_AND, 
blinn, 
drunkenbuddha, 
snarker, 
Gobiner, 
Bashez Chat log
          (00:05 / Observers) TIMG4STRok: sing us a song
(00:06 / Observers) TIMG4STRok: plz
(00:07 / Observers) TIMG4STRok: ty.
(00:34 / Observers) BEAR_AND: what
(00:34 / Observers) Gobiner: when is mata going to be good again
(00:37 / Observers) BEAR_AND: nadman
(00:40 / Observers) goonswithspoons: no
(00:53 / Observers) TIMG4STRok: post Broduction
(01:06 / Observers) goonswithspoons: broseidon, master of the brocean
(01:13 / Observers) TIMG4STRok: nice .737 seconds of vent lag
(01:17 / Observers) Gobiner: ya
(01:29 / Observers) BEAR_AND: nice bladeblock
(01:42 / Observers) TIMG4STRok: shitty orc base i think
(01:48 / Observers) TIMG4STRok: too tight/compact/
(01:51 / Observers) snarker: its fine??
(01:51 / Observers) BEAR_AND: its like a human base
(02:01 / Observers) BEAR_AND: no room for tech really
(02:06 / Observers) snarker: nah
(02:08 / Observers) TIMG4STRok: idk i wouldve put my altar to the left
(02:10 / Observers) snarker: he woods out that area
(02:15 / Observers) TIMG4STRok: then again remember that grudge i did that
(02:17 / Observers) TIMG4STRok: and sh got stuck
(02:19 / Observers) BEAR_AND: yeo
(02:25 / Observers) TIMG4STRok: for like 20 minutes
(02:26 / Observers) TIMG4STRok: damn.
(02:48 / Observers) Gobiner: hahaha
(02:52 / Observers) snarker: brave grunt
(02:53 / Observers) BEAR_AND: perfect wisplay
(03:38 / Observers) TIMG4STRok: poretty soon i'll be yeching       ugly orc base
(03:52 / Observers) TIMG4STRok: predicting shop dies approx. mad time
(04:14 / Observers) BEAR_AND: huh
(04:17 / Observers) TIMG4STRok: dh/bm/tinker
(04:20 / Observers) BEAR_AND: bm at t2
(04:20 / Observers) TIMG4STRok: is standard ne v orc thing
(04:23 / Observers) BEAR_AND: nope
(04:25 / Observers) snarker: why a moonwell that back
(04:34 / Observers) BEAR_AND: more wisproom i guess
(04:39 / Observers) drunkenbuddha: emergency mb
(04:45 / Observers) drunkenbuddha: depends on where he drops wonders
(04:56 / Observers) BEAR_AND: dotts
(05:01 / Observers) snarker: no bm O_o
(05:02 / Observers) TIMG4STRok: dual aowind
(05:06 / Observers) Gobiner: do you need a hunter hall for dott
(05:07 / Observers) BEAR_AND: or maybe 100 food faerie dragon (v. rude)
(05:09 / Observers) BEAR_AND: nope
(05:11 / Observers) BEAR_AND: obv
(05:21 / Observers) Gobiner: but you do for yadsbears?
(05:25 / Observers) snarker: yes
(05:25 / Observers) BEAR_AND: getting cancelled
(05:27 / Observers) BEAR_AND: you need hh for lores
(05:29 / Observers) BEAR_AND: not for winds
(05:34 / Observers) Gobiner: k
(05:55 / Observers) goonswithspoons: hmmm
(05:58 / Observers) snarker: people like to hide their hunthall when theyre going bearyad against orc
(06:00 / Observers) TIMG4STRok: nad "i hate tier 2 buildings and chopping lumber" man
(06:13 / Observers) goonswithspoons: 2
(06:14 / Observers) snarker: people then go tc which is useless against bearyad
(06:15 / Observers) Gobiner: isn't standard orc vs possible dott chainwave?
(06:15 / Observers) TIMG4STRok: god
(06:16 / Observers) iggy_the_fisk: still coffee break
(06:16 / Observers) goonswithspoons: 2 beast
(06:22 / Observers) TIMG4STRok: wood is so precious for early tier 2 orc
(06:25 / Observers) TIMG4STRok: and this guy is chopping none
(06:29 / Observers) BEAR_AND: yep
(06:30 / Observers) BEAR_AND: it is
(06:38 / Observers) BEAR_AND: -3
(06:48 / Observers) TIMG4STRok: 150 grunt upgrade 100 hero 140(150?) beast
(06:49 / Observers) iggy_the_fisk: tear 2 grunts hack hacking
(06:50 / Observers) BEAR_AND: well all archer dead kin dof
(07:00 / Observers) TIMG4STRok: lodge another 140/150
(07:08 / Observers) BEAR_AND: grunt strength is 100 i'm pretty sure
(07:11 / Observers) TIMG4STRok: 150
(07:14 / Observers) iggy_the_fisk: net 75
(07:17 / Observers) TIMG4STRok: listen i play orc 80% of the time
(07:17 / Observers) iggy_the_fisk: is what gets me
(07:19 / Observers) iggy_the_fisk: erry time
(07:26 / Observers) snarker: wyvs?
(07:27 / Observers) BEAR_AND: wasted faeries
(07:38 / Observers) TIMG4STRok: no
(07:41 / Observers) TIMG4STRok: is like a sentry ward
(07:44 / Observers) TIMG4STRok: to see when he creepa it
(07:53 / Observers) BEAR_AND: yeah but that is a shit c amp
(08:02 / Observers) drunkenbuddha: -4
(08:09 / Observers) iggy_the_fisk: crooow
(08:15 / Observers) BEAR_AND: "cacaw"
(08:23 / Observers) snarker: why wyvs when they have two winds
(08:29 / Observers) snarker: 2 secs to build a hippo
(08:36 / Observers) BEAR_AND: bm shot
(08:59 / Observers) TIMG4STRok: 2 raider
(08:59 / Observers) BEAR_AND: switchin to raider
(09:02 / Observers) TIMG4STRok: misclick?
(09:14 / Observers) iggy_the_fisk: dotts are sweet because you mess up a bit lose two and say DAMN i lost units
(09:20 / Observers) iggy_the_fisk: then you click your aows and wapow
(09:22 / Observers) iggy_the_fisk: you ahve 5 more
(09:25 / Observers) TIMG4STRok: 135 fucken gold
(09:26 / Observers) snarker: srsly
(09:35 / Observers) TIMG4STRok: '15 mana
(09:36 / Observers) TIMG4STRok: on tc
(09:55 / Observers) iggy_the_fisk: croow
(09:59 / Observers) TIMG4STRok: black up dont greed stop greed
(10:07 / Observers) iggy_the_fisk: greedceased
(10:20 / Observers) goonswithspoons: no shop for mata
(10:31 / Observers) iggy_the_fisk: bm in peril
(10:32 / Observers) Gobiner: does he have net
(10:34 / Observers) TIMG4STRok: staff is overrated
(10:35 / Observers) BEAR_AND: not even close to cyclone
(10:38 / Observers) BEAR_AND: yes he has ensnare
(10:46 / Observers) TIMG4STRok: oh
(10:47 / Observers) TIMG4STRok: lordy
(10:47 / Observers) iggy_the_fisk: ouchie
(10:48 / Observers) BEAR_AND: he
(10:48 / Observers) TIMG4STRok: fuckin
(10:48 / Observers) BEAR_AND: god
(10:49 / Observers) TIMG4STRok: lou
(10:49 / Observers) BEAR_AND: kill
(10:50 / Observers) goonswithspoons: wow
(11:11 / Observers) BEAR_AND: hahahaha
(11:50 / Observers) BEAR_AND: Single Unit Stomp (sus) ™
(12:07 / Observers) TIMG4STRok: back to wyvern
(12:19 / Observers) TIMG4STRok: 2 wyv coming out
(12:38 / Observers) TIMG4STRok: 3 wyv
(12:55 / Observers) BEAR_AND: gg
(13:11 / Observers) TIMG4STRok: mata "ive made 40 units and sitll have almost 1000 gold"
(13:26 / Observers) BEAR_AND: cyclone soon
(13:40 / Observers) TIMG4STRok: secret peon maybe
(13:44 / Observers) Gobiner: getting third aowind too
(13:45 / Observers) iggy_the_fisk: dott maybe the only caster to appropriately shoot birds
(14:01 / Observers) drunkenbuddha: "crup" - quote
(14:02 / Observers) TIMG4STRok: 2 wyv
(14:03 / Observers) TIMG4STRok: again
(14:06 / Observers) BEAR_AND: i think that whenever i'm losing usually
(14:07 / Observers) BEAR_AND: oh crup
(14:21 / Observers) drunkenbuddha: sounds like an STD
(14:27 / Observers) iggy_the_fisk: krupp
(14:29 / Observers) TIMG4STRok: too bad one raider costs about as much as 3 control groups of dott
(14:29 / Observers) BEAR_AND: bitch gave me the crup
(14:30 / Observers) drunkenbuddha: came down with a bad case of the crup after last night
(14:53 / Observers) BEAR_AND: sounds like a brand of contraceptive diaphragm
(15:00 / Observers) BEAR_AND: "it's ok, i ahve the crup"
(15:02 / Observers) iggy_the_fisk: krupp, croup
(15:05 / Observers) goonswithspoons: still no shop
(15:08 / Observers) goonswithspoons: wait
(15:09 / Observers) goonswithspoons: building
(15:14 / Observers) TIMG4STRok: oh yup
(15:16 / Observers) drunkenbuddha: doc
(15:23 / Observers) TIMG4STRok: 200 gold on mata
(15:24 / Observers) TIMG4STRok: actually
(15:36 / Observers) TIMG4STRok: kapowloozie
(15:44 / Observers) TIMG4STRok: g
(15:47 / Observers) iggy_the_fisk: finally some crows
(15:52 / Observers) drunkenbuddha: bam
(16:03 / Observers) TIMG4STRok: back to raider
(16:09 / Observers) TIMG4STRok: spirit lodge
(16:10 / Observers) TIMG4STRok: going up
(16:14 / Observers) drunkenbuddha: lounge
(16:16 / Observers) drunkenbuddha: dumbdumb
(16:17 / Observers) drunkenbuddha: loung
(16:24 / Observers) TIMG4STRok: you talkin 2 me
(16:26 / Observers) Gobiner: needs to mass mud golems imo
(16:27 / Observers) drunkenbuddha: voodoo lounge
(16:27 / Observers) TIMG4STRok: ill freakin stab you
(16:33 / Observers) BEAR_AND: vooodoo lodge
(16:46 / Observers) TIMG4STRok: bantha poodoo lounge
(16:51 / Observers) goonswithspoons: no xp
(16:56 / Observers) TIMG4STRok: gold items
(16:59 / Observers) drunkenbuddha: dh level 5 itt
(17:01 / Observers) goonswithspoons: ya
(17:16 / Observers) TIMG4STRok: mata morphasis
(17:20 / Observers) goonswithspoons: spriti
(17:34 / Observers) TIMG4STRok: that beast pretty low
(17:45 / Observers) TIMG4STRok: kill some walkers
(18:01 / Observers) TIMG4STRok: rank 0 initiate
(18:03 / Observers) TIMG4STRok: doesnt have disench
(18:05 / Observers) drunkenbuddha: w0w
(18:06 / Observers) TIMG4STRok: dench
(18:07 / Observers) iggy_the_fisk: another battle
(18:08 / Observers) TIMG4STRok: DEnch
(18:11 / All) NADMaN: gah
(18:12 / All) NADMaN: gg